 Dungeon Crawl Stone Soup version 0.24-a0-581-gc0fa660 (webtiles) character file.

Game seed: 145422449564754643

246385 Dorkslayer the Severer (level 19, -1/194 HPs)
             Began as a Minotaur Fighter on Aug 19, 2019.
             Was the Champion of Qazlal.
             Slain by a spatial maelstrom (15 damage)
             ... on level 3 of the Abyss on Aug 23, 2019.
             The game lasted 04:08:17 (31084 turns).

Dorkslayer the Severer (Minotaur Fighter)          Turns: 31084, Time: 04:08:17

Health: -1/194     AC: 26    Str: 30      XL:     19   Next: 20%
Magic:  28/28      EV: 18    Int:  2 (5)  God:    Qazlal [******]
Gold:   171        SH: 33    Dex: 11      Spells: 18/18 levels left

rFire    + + .     SeeInvis .   o - +3 broad axe (chop)
rCold    . . .     Gourm    .   e - +2 large shield
rNeg     + . .     Faith    +   D - +0 fire dragon scales
rPois    .         Spirit   .   K - +2 hat
rElec    +         Reflect  .   I - +0 cloak
rCorr    .         Harm     .   E - +1 pair of gloves
MR       +....                  q - +0 pair of boots
Stlth    ..........             z - amulet "Zetosh" {Faith rElec Str+4}
HPRegen  0.42/turn              p - ring of Felify {rC+ rN+ Int+4}
MPRegen  0.21/turn              s - +6 ring of evasion

@: protected from physical damage, berserk cooldown, very slightly contaminated,
repel missiles
A: retaliatory headbutt, beak, horns 2, molten scales 1, clumsy 1, [dopey 2],
robust 1, [subdued magic 1]
}: 1/15 runes: serpentine
a: Upheaval, Elemental Force, Disaster Area, Renounce Religion


You were on level 3 of the Abyss.
You worshipped Qazlal.
Qazlal was exalted by your worship.
You were not hungry.

You visited 6 branches of the dungeon, and saw 31 of its levels.
You visited the Abyss 1 time.
You also visited: Sewer and Ice Cave.

You collected 3050 gold pieces.
You spent 2879 gold pieces at shops.

Inventory:

Hand Weapons
 o - a +3 broad axe of chopping (weapon)
 V - a +3 broad axe of flaming
Missiles
 c - 21 boomerangs (quivered)
 C - 3 silver boomerangs
 P - 9 javelins
Armour
 e - a +2 large shield (worn)
 q - a +0 pair of boots (worn)
 D - +0 fire dragon scales (worn)
 E - a +1 pair of gloves (worn)
 I - a +0 cloak (worn)
 K - a +2 hat (worn)
Jewellery
 p - the ring of Felify (left hand) {rC+ rN+ Int+4}
   (You found it on level 5 of the Lair of Beasts)

   [ring of protection from cold]

   It affects your intelligence (+4).
   It protects you from cold.
   It protects you from negative energy.
 s - a +6 ring of evasion (right hand)
 u - an uncursed amulet of regeneration
 w - an uncursed ring of protection from fire
 y - an uncursed ring of poison resistance
 z - the amulet "Zetosh" (around neck) {Faith rElec Str+4}
   (You bought it in a shop on level 2 of the Orcish Mines)

   [amulet of faith]

   It allows you to gain divine favour quickly.
   It affects your strength (+4).
   It insulates you from electricity.
 N - the ring "Esubloeh" {+Fly rN+}
   (You found it on level 3 of the Lair of Beasts)

   [ring of flight]

   It protects you from negative energy.
   It lets you fly.
 R - an uncursed ring of resist corrosion
 T - an uncursed ring of see invisible
Wands
 t - a wand of scattershot (2)
 x - a wand of flame (16)
 G - a wand of acid (3)
 O - a wand of digging (4)
 Q - a wand of iceblast (9)
Scrolls
 d - 6 scrolls of enchant armour
 m - 12 scrolls of remove curse
 v - 2 scrolls of identify
 A - a scroll of magic mapping
 B - a scroll of holy word
 J - a scroll of blinking
 S - 4 scrolls of enchant weapon
 Z - 3 scrolls of immolation
Potions
 b - 6 potions of curing
 g - 3 potions of might
 h - 3 potions of invisibility
 i - a potion of magic
 j - 2 potions of ambrosia
 k - 6 potions of resistance
 l - 3 potions of agility
 r - 5 potions of haste
 H - 6 potions of flight
 L - a potion of berserk rage
 M - a potion of cancellation
 Y - 4 potions of mutation
Miscellaneous
 n - a lamp of fire
 F - a phial of floods
 U - a fan of gales
Comestibles
 f - 41 rations


   Skills:
 * Level 17.3 Fighting
   Level 2.8 Long Blades
 + Level 18.8 Axes
 + Level 5.4 Throwing
 + Level 15.7 Armour
 + Level 7.8 Dodging
 + Level 17.7 Shields
 * Level 13.5 Invocations
 * Level 12.3 Evocations


You had 18 spell levels left.
You didn't know any spells.
Your spell library contained the following spells:

 Spells                   Type           Power        Failure   Level  Hunger
 Animate Skeleton         Necr           N/A          96%         1    ##.....
 Apportation              Tloc           #.....       96%         1    ##.....
 Beastly Appendage        Tmut           #.....       96%         1    ##.....
 Confusing Touch          Hex            #.....       96%         1    ##.....
 Infusion                 Chrm           #...         96%         1    ##.....
 Magic Dart               Conj           #...         96%         1    ##.....
 Pain                     Necr           #...         96%         1    ##.....
 Shock                    Conj/Air       #...         96%         1    ##.....
 Sting                    Conj/Pois      #...         96%         1    ##.....
 Summon Small Mammal      Summ           #...         96%         1    ##.....
 Call Imp                 Summ           #.......     99%         2    ###....
 Searing Ray              Conj           #.....       99%         2    ###....
 Shroud of Golubria       Chrm/Tloc      #.....       99%         2    ###....
 Song of Slaying          Chrm           #.......     99%         2    ###....
 Sticks to Snakes         Tmut           #.......     99%         2    ###....
 Swiftness                Chrm/Air       #.......     99%         2    ###....
 Call Canine Familiar     Summ           #.......     100%        3    ####...
 Dazzling Spray           Conj/Hex       #.....       100%        3    ####...
 Regeneration             Chrm/Necr      #.........   100%        3    ####...
 Spectral Weapon          Hex/Chrm       #.......     100%        3    ####...
 Spider Form              Tmut/Pois      #.........   100%        3    ####...
 Static Discharge         Conj/Air       #.......     100%        3    ####...
 Summon Guardian Golem    Hex/Summ       #.......     100%        3    ####...
 Vampiric Draining        Necr           #.........   100%        3    ####...
 Airstrike                Air            #.........   100%        4    #####..
 Animate Dead             Necr           N/A          100%        4    #####..
 Force Lance              Conj/Tloc      #.......     100%        4    #####..
 Fulminant Prism          Conj/Hex       #.........   100%        4    #####..
 Ice Form                 Ice/Tmut       #.......     100%        4    #####..
 Iskenderun's Mystic Bla  Conj           #.......     100%        4    #####..
 Leda's Liquefaction      Hex/Erth       #.........   100%        4    #####..
 Summon Ice Beast         Ice/Summ       #.......     100%        4    #####..
 Summon Lightning Spire   Summ/Air       #.......     100%        4    #####..
 Aura of Abjuration       Summ           #.........   100%        5    ######.
 Blade Hands              Tmut           #.........   100%        5    ######.
 Bolt of Magma            Conj/Fire/Erth #.........   100%        5    ######.
 Irradiate                Conj/Tmut      #.........   100%        5    ######.
 Lightning Bolt           Conj/Air       #.........   100%        5    ######.
 Metabolic Englaciation   Hex/Ice        #.........   100%        5    ######.
 Bolt of Cold             Conj/Ice       #.........   100%        6    #######
 Freezing Cloud           Conj/Ice/Air   #.........   100%        6    #######
 Hydra Form               Tmut           #.........   100%        6    #######
 Iron Shot                Conj/Erth      #.........   100%        6    #######
 Ozocubu's Refrigeration  Ice            #.........   100%        6    #######
 Simulacrum               Ice/Necr       #.........   100%        6    #######
 Statue Form              Tmut/Erth      #........    100%        6    #######
 Dragon Form              Tmut           #.........   100%        7    #######
 Shatter                  Erth           #.........   100%        9    #######


Dungeon Overview and Level Annotations

Branches:
Dungeon (15/15)            Temple (0/1) D:6            Lair (6/6) D:9
  Swamp (0/4) Lair:4        Snake (4/4) Lair:2        Slime (0/5) Lair:5
    Orc (2/2) D:11            Elf (3/3) Orc:2        Vaults (0/5) D:14
 Depths (1/5) D:15

Altars:
Fedhas
Gozag
Makhleb
Nemelex Xobeh
Qazlal
Xom
Yredelemnul
Zin
The Shining One
Beogh

Shops:
D:13 *   Orc:2 !!=(   Elf:3 (   Snake:3 %}

Portals:
Hell: Depths:1
Abyss: Depths:1


Innate Abilities, Weirdness & Mutations

You reflexively headbutt those who attack you in melee.
You have a pair of horns on your head.
You have a beak for a mouth.
You are partially covered in molten scales. (AC +2)
You are clumsy. (Dex -2)
You are robust. (+10% HP)
[You are very dopey. (Int -4)]
[Your spells are a little easier to cast, but a little less powerful.]


Message History

Okay, then.
You hear a roar!
A shadow imp comes into view.
The shadow imp shouts, "Embrace thy doom, thou gorbellied moon-mazed wastrel!"
You hear a shout!
A spatial vortex comes into view.
You hear a screech!
You hear a shout!
A spatial vortex comes into view.
You hear a roar! x2
You block the shadow imp's attack.
You closely miss the shadow imp. Your headbutt misses the shadow imp.
A smoke demon comes into view.
The smoke demon gestures at you. Something smites you!
* * * LOW HITPOINT WARNING * * *
You block the shadow imp's attack. The spatial maelstrom hits you.
* * * LOW HITPOINT WARNING * * *
Space warps horribly around you!
You die...

# .. .... .. ..
. ##. #######..
..#..######.#...
#......#........
###....§v## ##.
#..§##.v#..####
.#.#...#3.## ..
#§@v..##. ###
#...5##...#.. #
......# ....####
#...#. ##...#
... . ##..# #.
## ### . . ..


You could see a spatial maelstrom, 2 spatial vortices, a smoke demon and a
shadow imp.

Vanquished Creatures
  A profane servitor (Depths:1)
  Rupert (Snake:1)
  Jorgrun (Elf:2)
  A deep elf blademaster (Elf:2)
  3 tentacled starspawn (Abyss:3)
  A sphinx (Depths:1)
  Agnes (Snake:1)
  Donald (Snake:2)
  13 nagarajas
  Roxanne (Elf:2)
  The ghost of bakahatsu the Bludgeoner, a journeyman MiBe of Trog (Snake:2)
  A deep elf sorcerer (Elf:1)
  A fire giant (Depths:1)
  A frost giant (IceCv)
  The ghost of Duelies the Blocker, a journeyman GnFi of Okawaru (Elf:1)
  2 deep elf elementalists
  4 stone giants (Depths:1)
  Azrael (Snake:1)
  2 ettins (Depths:1)
  A fire dragon (Depths:1)
  2 pearl dragon zombies (Depths:1)
  8 hydras
  The ghost of Cueha the Geomancer, a journeyman GrEE of Vehumet (Lair:4)
  28 naga warriors
  Erolcha (D:12)
  2 catoblepae
  Erica (D:8)
  8 anacondas
  8 centaur warriors
  An ogre mage (D:15)
  11 two-headed ogres
  23 dancing weapons
  A tengu warrior (Depths:1)
  6 orc high priests (Orc:2)
  3 hell hogs (Depths:1)
  20 naga sharpshooters
  4 shock serpents
  14 deep elf knights
  2 wretched stars (Abyss:3)
  A spatial maelstrom (Abyss:3)
  A sea snake (Snake:2)
  A salamander mystic (Snake:4)
  3 orc knights
  2 wizards (D:15)
  9 naga ritualists
  2 deep elf archers
  Pikel (D:8)
  50 deep elf magi
  14 salamanders
  7 mana vipers
  2 wolf spider zombies
  3 oklob plants (Lair:4)
  A manticore (D:13)
  6 ugly things
  9 guardian serpents
  4 apis skeletons (Depths:1)
  A rust devil (Depths:1)
  2 ice statues (IceCv)
  A smoke demon (Abyss:3)
  20 naga magi
  2 torpor snails
  21 spiny frogs
  A gargoyle (D:11)
  29 black mambas
  2 yaktaurs (Depths:1)
  2 rime drakes (Lair:5)
  2 centaur skeletons
  7 komodo dragons
  9 trolls
  A queen bee (shapeshifter) (D:13)
  13 polar bears (IceCv)
  6 meliai
  Grinder (D:3)
  23 blink frogs
  3 tyrant leeches (Lair:6)
  8 dream sheep
  10 slime creatures
  A raiju (shapeshifter) (Elf:1)
  6 hippogriffs
  6 starcursed masses (Abyss:3)
  3 shadows
  A ynoxinul (Abyss:3)
  An air elemental (Elf:2)
  8 water elementals
  4 wyverns
  A yak (shapeshifter) (D:13)
  16 humans (D:14)
  57 yaks
  2 basilisks
  Eustachio (D:6)
  2 hungry ghosts
  2 chaos spawn (Abyss:3)
  6 fire elementals
  10 vampire mosquitoes
  A small abomination (Abyss:3)
  6 wargs
  A large abomination (Abyss:3)
  60 nagas
  Menkaure (D:6)
  A warg (shapeshifter) (Depths:1)
  3 acid dragons
  3 spatial vortices (Abyss:3)
  Duvessa (D:6)
  4 hell hounds
  14 porcupines
  11 water moccasins
  12 ice beasts
  14 orc warriors
  2 slaves (D:8)
  3 phantoms
  4 sky beasts
  A black bear (D:9)
  18 ogres
  26 wolves
  4 boggarts (D:14)
  7 centaurs
  16 crocodiles
  21 bullfrogs
  8 big kobolds
  Dowan (D:6)
  2 wyvern skeletons
  5 scorpions
  9 killer bees
  19 wights
  A vampire bat (Lair:1)
  5 electric eels
  5 howler monkeys
  4 bullfrog zombies
  2 centaur zombies
  8 crimson imps
  A quasit (D:9)
  2 bullfrog skeletons
  41 orc priests
  3 hounds
  8 jellies
  17 orc wizards
  4 iguanas
  13 worker ants
  A hound zombie (D:10)
  2 hound skeletons
  A howler monkey skeleton (D:9)
  3 worker ant zombies
  7 gnolls
  21 adders
  4 river rats (Sewer)
  5 shadow imps
  A white imp (Abyss:3)
  8 oozes
  2 adder skeletons
  2 worms
  A dart slug (D:1)
  8 leopard geckos
  90 orcs
  11 bats
  9 giant cockroaches
  5 goblins
  3 hobgoblins
  7 jackals
  6 quokkas
  4 ball pythons
  A ball python zombie (D:6)
  8 frilled lizards
  A giant cockroach zombie (D:5)
  A jackal skeleton (D:4)
  41 kobolds
  A leopard gecko skeleton (D:4)
  28 rats
  A bush (D:9)
  2 butterflies (Lair:3)
  15 fungi
  19 plants
  A starspawn tentacle (Abyss:3)
1302 creatures vanquished.

Vanquished Creatures (collateral kills)
  A death knight (Depths:1)
  A hippogriff (D:14)
  An orc wizard (D:9)
  2 orcs (D:9)
5 creatures vanquished.

Vanquished Creatures (others)
  A death drake (shapeshifter) (Elf:2)
  A troll (D:10)
  2 nagas
  An orc priest (D:5)
  An iguana (D:5)
  An adder (D:5)
  A quokka (D:8)
  A bat (D:1)
  5 fungi
  37 plants
  5 starspawn tentacles (Abyss:3)
  2 withered plants (Lair:4)
58 creatures vanquished.

Grand Total: 1365 creatures vanquished

Notes
Turn   | Place    | Note
-------+----------+-------------------------------------------
     0 | D:1      | Dorkslayer the Minotaur Fighter began the quest for the
                  | Orb.
     0 | D:1      | Reached XP level 1. HP: 19/19 MP: 0/0
   170 | D:1      | Reached XP level 2. HP: 13/27 MP: 1/1
   786 | D:2      | Reached XP level 3. HP: 25/34 MP: 2/2
   805 | D:2      | You fall into a shaft and drop 1 floor!
   805 | D:3      | Noticed Grinder
   809 | D:3      | Killed Grinder
   809 | D:3      | Reached skill level 5 in Fighting
   809 | D:3      | Reached skill level 4 in Axes
   809 | D:3      | Reached skill level 1 in Dodging
   809 | D:3      | Reached skill level 5 in Shields
   809 | D:3      | Reached XP level 4. HP: 26/42 MP: 3/3
   809 | D:3      | Reached XP level 5. HP: 30/48 MP: 4/4
  1144 | D:2      | Reached XP level 6. HP: 56/56 MP: 5/5
  1153 | D:2      | You fall into a shaft and drop 1 floor!
  1312 | D:2      | Found a faded altar of an unknown god.
  1349 | D:2      | Became a worshipper of Qazlal Stormbringer
  1349 | D:2      | Reached * piety under Qazlal
  1860 | D:3      | Found a sparkling altar of Nemelex Xobeh.
  2076 | D:4      | Noticed a sky beast
  2085 | D:4      | Killed a sky beast
  2085 | D:4      | Reached skill level 5 in Axes
  2085 | D:4      | Reached skill level 5 in Armour
  2241 | D:4      | Reached ** piety under Qazlal
  2261 | D:4      | Reached XP level 7. HP: 49/61 MP: 6/6
  2398 | D:4      | Reached skill level 1 in Invocations
  2817 | D:5      | Entered Level 5 of the Dungeon
  3155 | D:5      | Reached skill level 6 in Axes
  3197 | D:5      | Reached XP level 8. HP: 64/70 MP: 8/8
  3223 | D:5      | Found a shimmering altar of Xom.
  3372 | D:5      | Found a glowing silver altar of Zin.
  3620 | D:6      | Found an opulent altar of Gozag.
  3649 | D:6      | Found a staircase to the Ecumenical Temple.
  3827 | D:6      | Noticed Eustachio
  3835 | D:6      | Killed Eustachio
  3835 | D:6      | Reached skill level 7 in Axes
  3924 | D:6      | Found a glowing golden altar of the Shining One.
  4151 | D:6      | Noticed Menkaure
  4162 | D:6      | Killed Menkaure
  4205 | D:6      | Noticed Dowan
  4214 | D:6      | Noticed Duvessa
  4220 | D:6      | Found a glowing drain.
  4229 | Sewer    | Entered a sewer
  4270 | Sewer    | Reached *** piety under Qazlal
  4434 | Sewer    | Reached skill level 8 in Axes
  4564 | Sewer    | Reached XP level 9. HP: 78/78 MP: 10/10
  4684 | D:6      | Killed Duvessa
  4690 | D:6      | Killed Dowan
  5274 | D:7      | Reached **** piety under Qazlal
  5359 | D:7      | Found a burning altar of Makhleb.
  5522 | D:7      | Noticed a white ugly thing
  5539 | D:7      | Killed a purple ugly thing
  5539 | D:7      | Reached skill level 9 in Axes
  5539 | D:7      | Reached skill level 1 in Evocations
  5734 | D:8      | Noticed Erica
  5744 | D:8      | Noticed Pikel
  5745 | D:8      | Killed Erica
  5745 | D:8      | Reached skill level 10 in Armour
  5745 | D:8      | Reached skill level 5 in Invocations
  5760 | D:8      | Killed Pikel
  5760 | D:8      | Reached XP level 10. HP: 75/86 MP: 12/12
  5946 | D:8      | Found a shimmering altar of Xom.
  6044 | D:8      | Found a blossoming altar of Fedhas.
  6151 | D:8      | Reached skill level 10 in Axes
  6529 | D:9      | Reached ***** piety under Qazlal
  6587 | D:9      | Reached skill level 1 in Throwing
  6732 | D:9      | Found a staircase to the Lair.
  7061 | D:9      | Found a sparkling altar of Nemelex Xobeh.
  7061 | D:9      | Found a blossoming altar of Fedhas.
  7086 | Lair:1   | Entered Level 1 of the Lair of Beasts
  7130 | Lair:1   | Noticed a spiny frog
  7144 | Lair:1   | Killed a spiny frog
  7144 | Lair:1   | Reached XP level 11. HP: 51/94 MP: 14/14
  7291 | Lair:1   | Noticed an eight-headed hydra
  7300 | Lair:1   | Killed a four-headed hydra
  7300 | Lair:1   | Reached skill level 11 in Axes
  7992 | Lair:2   | Found a staircase to the Snake Pit.
  8708 | Lair:3   | Reached skill level 10 in Shields
  8741 | Lair:3   | Reached skill level 5 in Evocations
  9050 | Lair:3   | Got a translucent brass ring
  9087 | Lair:3   | Identified the ring "Esubloeh" {+Fly rN+} (You found it on
                  | level 3 of the Lair of Beasts)
  9145 | Lair:3   | You fall into a shaft and drop 1 floor!
  9157 | Lair:4   | Reached XP level 12. HP: 58/104 MP: 16/16
  9173 | Lair:4   | Reached skill level 12 in Axes
  9198 | Lair:4   | Reached ****** piety under Qazlal
  9210 | Lair:4   | Noticed a catoblepas
  9216 | Lair:4   | Found a runed translucent door.
  9216 | Lair:4   | Noticed Cueha's ghost (journeyman GrEE)
  9227 | Lair:4   | Killed a catoblepas
  9257 | Lair:4   | Noticed a six-headed hydra
  9267 | Lair:4   | Killed a two-headed hydra
  9616 | Lair:4   | Found a staircase to the Swamp.
  9649 | Lair:4   | Noticed a six-headed hydra
  9659 | Lair:4   | Reached skill level 1 in Long Blades
  9660 | Lair:4   | Killed a five-headed hydra
 10741 | Lair:4   | Killed Cueha's ghost
 10841 | Lair:5   | Noticed a six-headed hydra
 10857 | Lair:5   | Killed a one-headed hydra
 10857 | Lair:5   | Reached skill level 13 in Axes
 10890 | Lair:5   | Found a frozen archway.
 10897 | Lair:5   | Reached XP level 13. HP: 60/111 MP: 18/18
 10911 | IceCv    | Entered an ice cave
 11098 | IceCv    | Noticed a frost giant
 11105 | IceCv    | HP: 1/112 [frost giant/bolt of cold (75)]
 11115 | IceCv    | Killed a frost giant
 11764 | Lair:5   | Reached skill level 10 in Fighting
 11914 | Lair:5   | Got a glittering glass ring
 11917 | Lair:5   | Identified the ring of Felify {rC+ rN+ Int+4} (You found it
                  | on level 5 of the Lair of Beasts)
 12014 | Lair:5   | Found a staircase to the Slime Pits.
 12180 | Lair:6   | Entered Level 6 of the Lair of Beasts
 12221 | Lair:6   | Reached skill level 14 in Axes
 12226 | Lair:6   | Reached skill level 15 in Armour
 12550 | Lair:6   | Reached XP level 14. HP: 117/122 MP: 20/20
 12659 | Lair:6   | Reached skill level 5 in Dodging
 13046 | Lair:6   | Upgraded the game from 0.24-a0-549-g45f0056 to
                  | 0.24-a0-574-g7d3d5a4
 13157 | D:10     | Entered Level 10 of the Dungeon
 14453 | D:11     | Found a staircase to the Orcish Mines.
 14570 | Orc:1    | Entered Level 1 of the Orcish Mines
 14734 | Orc:2    | Entered Level 2 of the Orcish Mines
 14734 | Orc:2    | Found a roughly hewn altar of Beogh.
 14790 | Orc:2    | Reached skill level 10 in Invocations
 15292 | Orc:2    | Found a roughly hewn altar of Beogh.
 15616 | Orc:2    | Found Viuthron's Jewellery Shoppe.
 15616 | Orc:2    | Found Lygea's Weapon Boutique.
 15809 | Orc:2    | Found a roughly hewn altar of Beogh.
 15866 | Orc:2    | Found Beryezie's Distillery.
 15866 | Orc:2    | Found Cimelonuru's Distillery.
 15871 | Orc:2    | Bought a potion of heal wounds for 55 gold pieces
 15871 | Orc:2    | Bought a potion of haste for 110 gold pieces
 15871 | Orc:2    | Bought a potion of mutation for 88 gold pieces
 15871 | Orc:2    | Bought a potion of haste for 110 gold pieces
 15880 | Orc:2    | Bought a potion of heal wounds for 75 gold pieces
 15880 | Orc:2    | Bought a potion of haste for 150 gold pieces
 15880 | Orc:2    | Bought a potion of haste for 150 gold pieces
 15881 | Orc:2    | Gained mutation: You are weak. (Str -2) [potion of
                  | mutation]
 15881 | Orc:2    | Gained mutation: You are resistant to hostile enchantments.
                  | (MR+) [potion of mutation]
 15890 | Orc:2    | Bought 2 potions of mutation for 176 gold pieces
 15890 | Orc:2    | Lost mutation: You are weak. (Str -2) [potion of mutation]
 15890 | Orc:2    | Gained mutation: You occasionally shout uncontrollably at
                  | your foes. [potion of mutation]
 15890 | Orc:2    | Gained mutation: You are weak. (Str -2) [potion of
                  | mutation]
 15890 | Orc:2    | Gained mutation: You have a beak for a mouth. [potion of
                  | mutation]
 15891 | Orc:2    | Lost mutation: You are resistant to hostile enchantments.
                  | (MR+) [potion of mutation]
 15891 | Orc:2    | Lost mutation: You occasionally shout uncontrollably at
                  | your foes. [potion of mutation]
 15891 | Orc:2    | Lost mutation: You are weak. (Str -2) [potion of mutation]
 15891 | Orc:2    | Gained mutation: You are robust. (+10% HP) [potion of
                  | mutation]
 15891 | Orc:2    | Gained mutation: You are clumsy. (Dex -2) [potion of
                  | mutation]
 15891 | Orc:2    | Gained mutation: You are partially covered in molten
                  | scales. (AC +2) [potion of mutation]
 16027 | Orc:2    | Found a staircase to the Elven Halls.
 16145 | Orc:2    | Bought a +6 ring of evasion for 936 gold pieces
 16383 | D:12     | Noticed Erolcha
 16388 | D:12     | Killed Erolcha
 16484 | D:12     | Reached skill level 15 in Axes
 17416 | D:13     | Upgraded the game from 0.24-a0-574-g7d3d5a4 to
                  | 0.24-a0-580-g6a6c3f8
 17449 | D:13     | Reached XP level 15. HP: 145/145 MP: 21/21
 17691 | D:13     | Upgraded the game from 0.24-a0-580-g6a6c3f8 to
                  | 0.24-a0-581-gc0fa660
 17837 | D:13     | Found Marrur's Assorted Antiques.
 17861 | D:13     | Bought a potion of heal wounds for 125 gold pieces
 18214 | D:14     | Found a gate to the Vaults.
 18482 | D:14     | Found a blossoming altar of Fedhas.
 18810 | D:15     | Entered Level 15 of the Dungeon
 19193 | D:15     | Reached skill level 16 in Axes
 19242 | D:15     | Found a staircase to the Depths.
 19254 | Depths:1 | Entered Level 1 of the Depths
 19277 | Depths:1 | Noticed a fire giant
 19293 | Depths:1 | Killed a fire giant
 19350 | Depths:1 | Found a one-way gate to the infinite horrors of the Abyss.
 19432 | Depths:1 | Noticed a sphinx
 19438 | Depths:1 | Killed a sphinx
 19523 | Depths:1 | Reached skill level 10 in Evocations
 19539 | Depths:1 | Found a basalt altar of Yredelemnul.
 19545 | Depths:1 | Noticed a profane servitor
 19586 | Depths:1 | Killed a profane servitor
 19586 | Depths:1 | Reached XP level 16. HP: 56/158 MP: 23/23
 20051 | Depths:1 | Found a gateway to Hell.
 21022 | Snake:1  | Entered Level 1 of the Snake Pit
 21022 | Snake:1  | Noticed Agnes
 21031 | Snake:1  | Killed Agnes
 21031 | Snake:1  | Reached skill level 5 in Throwing
 21072 | Snake:1  | Noticed Rupert
 21393 | Snake:1  | Paralysed by Rupert for 7 turns
 21405 | Snake:1  | Killed Rupert
 21836 | Snake:1  | Noticed Azrael
 21850 | Snake:1  | Killed Azrael
 21954 | Snake:1  | Reached skill level 17 in Axes
 22339 | Snake:2  | Found a runed translucent door.
 22340 | Snake:2  | Found a shimmering altar of Xom.
 22350 | Snake:2  | Noticed Donald
 22364 | Snake:2  | Killed Donald
 22364 | Snake:2  | Reached skill level 15 in Shields
 22394 | Snake:2  | Noticed bakahatsu's ghost (journeyman MiBe)
 22800 | Snake:2  | Killed bakahatsu's ghost
 23094 | Snake:2  | Identified the +7 lajatang of Xoqis {slice, rC++ Str+4}
                  | (You found it on level 2 of the Snake Pit)
 23629 | Snake:3  | Reached XP level 17. HP: 168/169 MP: 24/24
 24276 | Snake:3  | Found Aryopt's Gadget Shop.
 24276 | Snake:3  | Found Peankuc's Food Boutique.
 24841 | Snake:4  | Entered Level 4 of the Snake Pit
 24873 | Snake:4  | Reached skill level 15 in Fighting
 25304 | Snake:4  | Reached skill level 18 in Axes
 27172 | Snake:4  | Reached XP level 18. HP: 144/182 MP: 26/26
 27546 | Snake:4  | Got a serpentine rune of Zot
 28285 | Orc:2    | Bought the amulet "Zetosh" {Faith rElec Str+4} for 748 gold
                  | pieces
 28327 | Orc:2    | Bought a potion of curing for 45 gold pieces
 28327 | Orc:2    | Bought a potion of curing for 45 gold pieces
 28336 | Orc:2    | Bought a potion of curing for 33 gold pieces
 28336 | Orc:2    | Bought a potion of curing for 33 gold pieces
 28375 | Elf:1    | Entered Level 1 of the Elven Halls
 28876 | Elf:1    | Identified the Collected Works on Attacks and Companions
 29195 | Elf:1    | Found a runed translucent door.
 29197 | Elf:1    | Noticed Duelies's ghost (journeyman GnFi)
 29215 | Elf:1    | Killed Duelies's ghost
 29540 | Elf:2    | Noticed Roxanne
 29550 | Elf:2    | Killed Roxanne
 29692 | Elf:2    | Found a runed translucent gate.
 29692 | Elf:2    | Found a runed translucent gate.
 29692 | Elf:2    | Found a runed translucent gate.
 29748 | Elf:2    | Noticed Jorgrun
 29769 | Elf:2    | HP: 8/184 [Jorgrun/uncursed staff of earth (2)]
 29774 | Elf:2    | HP: 5/184 [poisoned by a +1 trident of venom]
 29779 | Elf:2    | HP: 4/184 [poisoned by a +1 trident of venom]
 30253 | Elf:2    | Killed Jorgrun
 30409 | Elf:2    | Reached XP level 19. HP: 183/194 MP: 28/28
 30601 | Elf:3    | Entered Level 3 of the Elven Halls
 30651 | Elf:3    | Found Xuorapt's Weapon Shoppe.
 30937 | Elf:3    | Cast into level 3 of the Abyss (a deep elf sorcerer)
 30950 | Abyss:3  | Found a corrupted altar of Lugonu.
 31084 | Abyss:3  | Slain by a spatial maelstrom

Levels and vault maps discovered:
D:1:      psy_arrival_fountain, layout_loops_ring, lemuel_old_faithful
D:2:      layout_rooms, chequers_ecumenical_altar_island
D:3:      layout_loops_corners, nemelex_diamond_rough_becter, uniq_grinder
D:4:      layout_cave_pods, first_ration, minmay_manual_mail
D:5:      layout_basic, lemuel_crystal_altar, xom_confusion_cloud
D:6:      layout_basic, nicolae_gozag_seed_capital,
          nicolae_tso_swordbearing_angel, minmay_temple_entry_wispy,
          gup_sewer_entry_pipe, skrybe_limestone_x, uniq_duvessa,
          uniq_eustachio, uniq_menkaure
D:7:      layout_basic, lemuel_coloured_pillars_altar
D:8:      layout_loops_ring, hangedman_feature_mirror,
          hangedman_little_slice_of_home, uniq_erica, uniq_pikel
D:9:      layout_roguey, gammafunk_temple_overflow_elements,
          minmay_lair_entry_grove, chequers_mini_garden
D:10:     layout_rooms, grunt_ministairs_7, kennysheep_diamond,
          nicolae_underground_beach
D:11:     layout_basic, orc_0_dummy, hangedman_decor_opposing
D:12:     layout_roguey, minmay_unpleasant_kobolds, uniq_erolcha
D:13:     minmay_recursive_quarters, layout_irregular_city, serial_shops,
          nicolae_shop_overgrown_old_shop, billiards_dpeg
D:14:     layout_roguey, david_vaults_3, chequers_big_river, fedhas_altar_1
D:15:     grunt_enter_depths_magical_seal, layout_gridville
Lair:1:   layout_cave_pods, roderic_batcave, minivault_27
Lair:2:   layout_small_grid, dummy_snake_entry
Lair:3:   layout_small_grid, lemuel_fruit_fields
Lair:4:   layout_gridlike, swamp_mist, gammafunk_ghost_grave, minivault_23,
          lemuel_fruit_fields, minmay_lair_oklob_chamber, serial_bayou_shore_b
Lair:5:   layout_gridlike, nicolae_slime_entry_slimehenge,
          portal_ice_cave_entry_ice_beasts, infiniplex_staircase_pool_2
Lair:6:   minmay_lair_end_frog_pond, layout_regular_city, lemuel_fruit_tree
Snake:1:  layout_grid_shapes, grunt_megastairs_1, uniq_agnes, uniq_azrael,
          uniq_rupert
Snake:2:  layout_misc_corridors, ebering_ghost_xom, minmay_snake_pond,
          uniq_donald
Snake:3:  layout_layer_cave, grunt_ministairs_4, minmay_shoptagon,
          serial_bayou_shore_b
Snake:4:  grunt_snake_rune_spirals, layout_onion
Orc:1:    layout_caves
Orc:2:    st_orc_town, layout_diamond_mine, basic_altar, mines1_david
Elf:1:    layout_gridlike, gammafunk_ghost_grave, minmay_elf_sorcery,
          minivault_4
Elf:2:    layout_rooms, uniq_jorgrun, uniq_roxanne
Elf:3:    elf_hall, layout_geoelf_castle, serial_shops, shop
Depths:1: layout_roguey, kennysheep_crisscross, grunt_hell_entry_dis_grunt,
          abyss_entry, minmay_misc_feat_chi, grunt_ministairs_2,
          corexii_corridor_pit, drop_trap, minmay_misc_feat_five,
          hangedman_blasphemy
Abyss:3:  evilmike_abyss_rune_siren_acolytes, nicolae_abyss_rune_star_stuff,
          nicolae_abyss_rune_star_stuff

Skill      XL: |  1  2  3  4  5  6  7  8  9 10 11 12 13 14 15 16 17 18 |
---------------+-------------------------------------------------------+-----
Fighting       | 4 5 6 7 8 9 10 12 13 14 15 17 | 17.3
Shields        | 4 5 6 7 8 9 10 11 12 13 14 15 16 17 | 17.7
Axes           | 4 5 6 8 9 10 11 13 14 15 16 17 18 | 18.8
Armour         | 4 5 7 8 10 11 13 14 15 | 15.7
Dodging        | 1 2 3 4 5 6 7 |  7.8
Invocations    | 2 3 5 6 7 8 9 10 11 12 13 | 13.5
Evocations     | 2 4 5 6 7 9 10 11 12 | 12.3
Throwing       | 1 2 3 4 5 |  5.4
Long Blades    | 2 |  2.8

Action                   |  1- 3 |  4- 6 |  7- 9 | 10-12 | 13-15 | 16-18 | 19-21 || total
-------------------------+-------+-------+-------+-------+-------+-------+-------++-------
Melee: War axe           |    99 |   105 |   274 |   556 |   811 |       |       ||  1845
       Headbutt          |    14 |    21 |    34 |   138 |   270 |   271 |    27 ||   775
       Scimitar          |       |       |       |    17 |    16 |       |       ||    33
       Peck              |       |       |       |       |   112 |   259 |    28 ||   399
       Broad axe         |       |       |       |       |   316 |  1194 |    92 ||  1602
Throw: Throwing net      |       |       |     3 |     3 |       |       |       ||     6
       Boomerang         |       |       |       |    30 |   151 |    55 |       ||   236
       Javelin           |       |       |       |       |    12 |       |       ||    12
Invok: Upheaval          |       |       |       |     6 |    36 |     7 |       ||    49
       Disaster Area     |       |       |       |       |     2 |       |       ||     2
       Elemental Force   |       |       |       |       |     1 |       |       ||     1
Evoke: Wand              |       |       |     6 |     6 |    20 |    17 |       ||    49
       Sack of spiders   |       |       |       |       |     1 |       |       ||     1
       Lamp of fire      |       |       |       |       |       |     3 |       ||     3
  Use: Potion            |     1 |       |     1 |     3 |    17 |    34 |       ||    56
       Scroll            |       |     4 |    14 |     9 |     5 |    14 |     2 ||    48
 Stab: Petrified         |       |       |       |       |     3 |       |       ||     3
       Paralysed         |       |       |       |       |     3 |     2 |       ||     5
  Eat: Chunk             |       |     5 |     8 |     9 |    13 |     5 |     2 ||    42
       Ration            |       |       |     1 |     3 |     4 |     9 |       ||    17
Armor: Scale mail        |    44 |    27 |       |       |       |       |       ||    71
       Chain mail        |       |    11 |    88 |       |       |       |       ||    99
       Fire dragon scale |       |       |     4 |   158 |   244 |   187 |     6 ||   599
Dodge: Dodged            |    21 |    37 |    44 |   143 |   241 |   297 |    22 ||   805
       Deflected         |       |       |       |     9 |    10 |    74 |     3 ||    96
Block: Shield            |    43 |    69 |   228 |   561 |  1089 |   714 |       ||  2704
       Other             |       |       |       |       |     3 |       |       ||     3
       Large shield      |       |       |       |       |       |   541 |    61 ||   602
       Rpst.: Scimitar   |       |       |       |     3 |     1 |       |       ||     4

Table legend:
 A = Non-vault XP
 B = Vault XP
 C = Vault XP percentage of total XP
 D = Non-vault monster count
 E = Vault monster count
 F = Vault count percentage of total count
                 A         B        C        D         E       F
            +---------+---------+-------+---------+---------+-------
      Total |  202382 |  193582 |  48.9 |     779 |     489 |  38.6
            +---------+---------+-------+---------+---------+-------
        D:1 |      37 |       0 |   0.0 |      22 |       0 |   0.0
        D:2 |      68 |       0 |   0.0 |      20 |       0 |   0.0
        D:3 |     188 |     281 |  59.9 |      20 |       1 |   4.8
        D:4 |     280 |     132 |  32.0 |      18 |       2 |  10.0
        D:5 |     593 |     185 |  23.8 |      13 |       3 |  18.8
        D:6 |     359 |     590 |  62.2 |      13 |      10 |  43.5
        D:7 |    1040 |       0 |   0.0 |      18 |       0 |   0.0
        D:8 |     745 |    2156 |  74.3 |      18 |      12 |  40.0
        D:9 |    1833 |    1526 |  45.4 |      39 |      13 |  25.0
       D:10 |    2442 |    1164 |  32.3 |      34 |       7 |  17.1
       D:11 |    4194 |       0 |   0.0 |      38 |       0 |   0.0
       D:12 |    5115 |    1170 |  18.6 |      36 |       7 |  16.3
       D:13 |    9249 |    3658 |  28.3 |      57 |      13 |  18.6
       D:14 |   11977 |    6585 |  35.5 |      36 |      20 |  35.7
       D:15 |    6207 |    6237 |  50.1 |      21 |      10 |  32.3
     Lair:1 |    2206 |      63 |   2.8 |       6 |       7 |  53.8
     Lair:2 |    3059 |       0 |   0.0 |      18 |       0 |   0.0
     Lair:3 |    5362 |       0 |   0.0 |      27 |       0 |   0.0
     Lair:4 |   10812 |    2802 |  20.6 |      36 |       5 |  12.2
     Lair:5 |    7106 |    1199 |  14.4 |      25 |      14 |  35.9
     Lair:6 |    5083 |   11929 |  70.1 |      13 |      45 |  77.6
    Snake:1 |   14360 |   11258 |  43.9 |      28 |      16 |  36.4
    Snake:2 |   12970 |    5160 |  28.5 |      22 |       9 |  29.0
    Snake:3 |   23573 |    2153 |   8.4 |      39 |       4 |   9.3
    Snake:4 |   13517 |   61202 |  81.9 |      30 |      91 |  75.2
      Orc:1 |    1288 |       0 |   0.0 |      13 |       0 |   0.0
      Orc:2 |    3078 |    5687 |  64.9 |      35 |      54 |  60.7
      Elf:1 |   18722 |    8524 |  31.3 |      29 |      11 |  27.5
      Elf:2 |   12337 |   28436 |  69.7 |      20 |      31 |  60.8
      Elf:3 |    4835 |       0 |   0.0 |       8 |       0 |   0.0
   Depths:1 |   13648 |   13713 |  50.1 |      12 |      14 |  53.8
    Abyss:3 |    6099 |    7224 |  54.2 |      15 |       6 |  28.6
      Sewer |       0 |     442 | 100.0 |       0 |      48 | 100.0
      IceCv |       0 |   10106 | 100.0 |       0 |      36 | 100.0
            +---------+---------+-------+---------+---------+-------
